 Dungeon Crawl Stone Soup version 0.32-a0-696-g5fa0bccb63 (webtiles) character file.

Game seed: 17349651916168689910

205 Essalna the Magician (level 5, -4/28 HPs)
             Began as a Deep Elf Earth Elementalist on Mar 13, 2024.
             Slain by an orc wizard
             ... wielding a +0 mace
              (6 damage)
             ... on level 3 of the Dungeon.
             The game lasted 00:04:44 (2684 turns).

Essalna the Magician (Deep Elf Earth Elementalist)  Turns: 2684, Time: 00:04:45

Health: -4/28      AC:  3    Str:  5    XL:     5   Next: 52%
Magic:  7/14       EV:  9    Int: 22    God:
Gold:   130        SH:  5    Dex: 15    Spells: 9/13 levels left

rFire   + . .        g - +2 dagger (freeze)
rCold   . . .        i - +1 buckler
rNeg    . . .        l - +0 leather armour {rPois}
rPois   +            (no helmet)
rElec   .            (no cloak)
rCorr   .            (no gloves)
SInv    .            (no boots)
Will    .....        (no amulet)
Stlth   ++           q - ring of protection from fire
HPRegen 0.24/turn    (no ring)
MPRegen 0.14/turn

%: no passive effects
@: attractive, invisible
A: no striking features
a: no special abilities


You were on level 3 of the Dungeon.
You visited 1 branch of the dungeon, and saw 4 of its levels.

You collected 130 gold pieces.

Inventory:

Hand Weapons
 g - a +2 dagger of freezing (weapon)
Missiles
 j - 3 silver javelins
Armour
 a - a +0 robe
 i - a +1 buckler (worn)
 l - a +0 leather armour of poison resistance (worn)
Jewellery
 n - an amulet of faith
 q - a ring of protection from fire (left hand)
Wands
 e - a wand of mindburst (3)
 h - a wand of flame (6)
Scrolls
 k - a scroll of identify {unknown}
 o - a scroll of fog {unknown}
Potions
 b - a potion of magic
 c - a potion of curing {unknown}
 d - a potion of attraction
 f - a potion of resistance {unknown}
 m - a potion of brilliance {unknown}
 p - a potion of invisibility


   Skills:
 + Level 0.9 Armour
 - Level 2.4 Dodging
 - Level 2.4 Stealth
 + Level 1.3 Shields
 + Level 4.8 Spellcasting
 + Level 3.1 Conjurations
 + Level 4.5 Earth Magic


You had 9 spell levels left.
You knew the following spells:

 Your Spells              Type           Power      Damage    Failure   Level
a - Sandblast             Erth           50%        2d12      4%          1
b - Stone Arrow           Conj/Erth      44%        3d9       19%         3

Your spell library contained the following spells:

 Spells                   Type           Power      Damage    Failure   Level
 Passwall                 Erth           25%        N/A       14%         3
 Brom's Barrelling Bould  Conj/Erth      22%        2d4       54%         4
 Petrify                  Alch/Erth      15%        N/A       77%         4


Dungeon Overview and Level Annotations

Branches:
Dungeon (4/15)
 Temple: D:4-7

Altars:
Fedhas
Sif Muna


Message History

You hit something but do no damage. Something hits you.
You completely miss something.
You hear some strange, mumbled words.
A puff of flame appears from out of thin air!
The puff of flame hits you. You resist.
You bump into the rock wall.
You feel less confused. Something hits you.
Casting: Sandblast (safe; 4% risk of failure)
Confirm with . or Enter, or press ? or * to list all spells.
Okay, then.
Casting: Sandblast (safe; 4% risk of failure)
Confirm with . or Enter, or press ? or * to list all spells.
Aiming: Sandblast (safe; 4% risk of failure)
Press: ? - help, Shift-Dir - straight line, f/p - orc
Aim: an orc, wielding a +0 dagger (83% to hit)
The blast of sand hits the orc!!
You kill the orc!
Something hits you.
* * * LOW HITPOINT WARNING * * *
Something hits you but does no damage.
Casting: Sandblast (safe; 4% risk of failure)
Confirm with . or Enter, or press ? or * to list all spells.
Aiming: Sandblast (safe; 4% risk of failure)
Press: ? - help, Shift-Dir - straight line, f - orc
Aim: an orc, wielding a +0 club and wearing a +0 chain mail (87% to hit)
The blast of sand hits the orc.
The orc is heavily wounded.
You hear some strange, mumbled words.
A puff of flame appears from out of thin air!
The puff of flame hits you. You resist.
* * * LOW HITPOINT WARNING * * *
It was a potion of attraction.
You feel attractive to monsters. Something hits you.
* * * LOW HITPOINT WARNING * * *
It was a potion of invisibility.
You fade into invisibility!
Something hits you.
You die...

**,,*,*,******** ######
**,,,,,,*,,**,,รท* #.....
*,,,,,,****,+,,,* ######
*,,,,,** ***,,,* #...##
*,,**** ***** #.^... **,*
#..<#. *,* #####.
#.######### ######.....
#.).o{@.#.###....))....
****#..#.##.....#.....)....
*,,,,,..,*#.....#....).....
*,,,...,**#.....###########
*,,...,,* #................
***##**** #.....###########
#######


You could see an orc (unable to see you).

Vanquished Creatures
  An orc priest (D:3)
  Natasha (twice) (D:3)
  3 adders
  16 orcs
  10 endoplasms
  3 giant cockroaches
  6 goblins
  7 hobgoblins
  3 jackals (D:2)
  A quokka (D:2)
  4 ball pythons
  10 bats
  5 frilled lizards
  8 kobolds
  4 rats
83 creatures vanquished.

Notes
Turn   | Place    | Note
-------+----------+-------------------------------------------
     0 | D:1      | Essalna the Deep Elf Earth Elementalist began the quest for
                  | the Orb.
     0 | D:1      | Reached XP level 1. HP: 10/10 MP: 6/6
   214 | D:1      | Found a faded altar of an unknown god.
   228 | D:1      | Reached XP level 2. HP: 15/15 MP: 4/8
   965 | D:2      | Reached XP level 3. HP: 19/19 MP: 2/10
  1774 | D:3      | Learned a level 3 spell: Stone Arrow
  1781 | D:3      | Reached XP level 4. HP: 24/24 MP: 7/12
  2077 | D:3      | Noticed Natasha
  2083 | D:3      | Found a blossoming altar of Fedhas.
  2148 | D:4      | Found a shimmering blue altar of Sif Muna.
  2176 | D:3      | Reached skill level 1 in Shields
  2197 | D:3      | Killed Natasha
  2198 | D:3      | Reached XP level 5. HP: 25/28 MP: 9/13
  2265 | D:3      | Noticed Natasha
  2267 | D:3      | Killed Natasha
  2684 | D:3      | Slain by an orc wizard

Illustrated notes

Levels and vault maps discovered:
D:1:      moated_graveyard_arrival, layout_basic,
          shapermc_ecumenical_altar_acropolis
D:2:      kb_forest_paths, layout_basic, serial_park_tiny_pond
D:3:      layout_rooms, mainiacjoe_overflow_small_starburst, uniq_natasha,
          uniq_crazy_yiuf_cottage
D:4:      layout_basic, mainiacjoe_overflow_catwalk, uniq_duvessa, uniq_edmund,
          uniq_grinder

Skill      XL: |  1  2  3  4  5 |
---------------+----------------+-----
Conjurations   | 2 3 |  3.1
Spellcasting   | 4 |  4.8
Earth Magic    | 4 |  4.5
Shields        | 1 |  1.3
Armour         | |  0.9
Dodging        | |  2.4
Stealth        | |  2.4

Action                     |  1- 3 |  4- 6 || total
---------------------------+-------+-------++-------
  Melee: Dagger            |       |     5 ||     5
   Cast: Sandblast         |    65 |    51 ||   116
    Use: Scroll            |     6 |     1 ||     7
         Potion            |       |     2 ||     2
 Armour: Robe              |     7 |     1 ||     8
         Leather armour    |       |    23 ||    23
  Dodge: Dodged            |    15 |    10 ||    25
  Block: Buckler           |     1 |     5 ||     6

Table legend: (Time is in decaauts)
 A = Elapsed time spent in this place.
 B = Non-inter-level travel time spent in this place.
 C = Inter-level travel time spent in this place.
 D = Time resting spent in this place.
 E = Time spent auto-exploring this place.
 F = Levels seen in this place.
 G = Mean time per level.
                   A        B        C        D        E       F      G
               +--------+--------+--------+--------+--------+-----+--------+
         Total |   2743 |   2681 |     62 |      9 |   2238 |   4 |  685.8 |
       Dungeon |   2743 |   2681 |     62 |      9 |   2238 |   4 |  685.8 |
               +--------+--------+--------+--------+--------+-----+--------+

Top non-repeatable levels by time:
     D:2: 968 daAuts
     D:3: 888 daAuts
     D:1: 822 daAuts
     D:4: 63 daAuts
